 Dungeon Crawl Stone Soup version 0.31.0-32-g396128a36d (webtiles) character file.

Game seed: 16149510210517889057

455 Ijustatesigmund the Grasshopper (level 7, -2/44 HPs)
             Began as an Octopode Conjurer on Mar 21, 2024.
             Slain by a sky beast (6 damage)
             ... on level 4 of the Dungeon.
             The game lasted 00:08:08 (4348 turns).

Ijustatesigmund the Grasshopper (Octopode Conjurer) Turns: 4348, Time: 00:08:08

Health: -2/44      AC:  1    Str:  7    XL:     7   Next: 5%
Magic:  3/11       EV: 13    Int: 22    God:
Gold:   216        SH:  0    Dex: 10    Spells: 4/11 levels left

rFire   . . .        d - +0 morningstar
rCold   . . .        (no shield)
rNeg    . . .        (helmet restricted)
rPois   .            (no amulet)
rElec   .            (no ring)
rCorr   .            (no ring)
SInv    .            (no ring)
Will    .....        (no ring)
Stlth   +++          (no ring)
HPRegen 0.27/turn    (no ring)
MPRegen 0.12/turn    (no ring)
                     (no ring)

%: no passive effects
@: very slightly contaminated
A: almost no armour, amphibious, 8 rings, camouflage 1, gelatinous body 1,
(nimble swimmer 1), tentacles
a: no special abilities


You were on level 4 of the Dungeon.
You visited 1 branch of the dungeon, and saw 4 of its levels.

You collected 216 gold pieces.

Inventory:

Hand Weapons
 d - a +0 morningstar (weapon)
 q - a +4 quarterstaff of chaos
Jewellery
 s - a ring of magical power
Scrolls
 b - a scroll of teleportation
 j - a scroll of immolation
 k - 2 scrolls of revelation
 l - a scroll of poison
 m - a scroll of identify {unknown}
 p - a scroll of blinking {unknown}
 r - a scroll of enchant weapon {unknown}
Potions
 a - a potion of magic
 c - a potion of resistance {unknown}
 e - a potion of heal wounds {unknown}
 f - a potion of enlightenment {unknown}
 g - 2 potions of cancellation {unknown}
 h - a potion of attraction {unknown}
 i - 3 potions of curing {unknown}
 n - a potion of mutation {unknown}
 o - a potion of might {unknown}


   Skills:
 - Level 1.8 Fighting
 - Level 2.0 Dodging
 - Level 2.6 Stealth
 - Level 2.7 Spellcasting
 - Level 4.5 Conjurations
 + Level 5.8 Translocations


You had 4 spell levels left.
You knew the following spells:

 Your Spells              Type           Power      Damage    Failure   Level
a - Magic Dart            Conj           88%        1d7       1%          1
b - Searing Ray           Conj           44%        2d6       3%          2
c - Iskenderun's Mystic   Conj/Tloc      25%        2d7       16%         4

Your spell library contained the following spells:

 Spells                   Type           Power      Damage    Failure   Level
 Fulminant Prism          Conj/Alch      6%         3d6       45%         4


Dungeon Overview and Level Annotations

Branches:
Dungeon (4/15)
 Temple: D:4-7

Altars:


Innate Abilities, Weirdness & Mutations

You cannot wear most types of armour.
You are amphibious.
You can wear up to eight rings at the same time.
Your skin changes colour to match your surroundings (Stealth+).
Your rubbery body absorbs attacks. (AC +1, EV +1)
((You are camouflaged when in or above water. (Stealth+)))
You have tentacles for arms and can constrict up to eight enemies at once.


Message History

The sky beast hits you. The sky beast shocks you.
You closely miss the sky beast. Your squeeze misses the sky beast.
The sky beast is lightly wounded.
The sky beast closely misses you. The sky beast hits you.
The sky beast shocks you.
You hit the sky beast but do no damage. You squeeze the sky beast!
The sky beast is moderately wounded.
The sky beast barely misses you.
You puncture the sky beast! Your squeeze misses the sky beast.
The sky beast is severely wounded.
The sky beast barely misses you. The sky beast closely misses you.
You miss the sky beast. Your squeeze misses the sky beast.
The sky beast is severely wounded.
The sky beast flickers out of sight!
Deactivating autopickup; reactivate with Ctrl-A.
Something hits you but does no damage.
You barely miss something. Something hits you. Something shocks you.
Something hits you. Something shocks you.
* * * LOW HITPOINT WARNING * * *
Okay, then.
Okay, then.
Casting: Magic Dart (safe; 1% risk of failure)
Confirm with . or Enter, or press ? or * to list all spells.
You can't see any susceptible monsters within range! (Use Z to cast anyway.)
Casting: Magic Dart (safe; 1% risk of failure)
Confirm with . or Enter, or press ? or * to list all spells.
You erupt in a blast of force!
The mystic blast hits something.
You hear an angry hiss.
Something hits you but does no damage.
Casting: Iskenderun's Mystic Blast (quite dangerous; 16% risk of failure)
Confirm with . or Enter, or press ? or * to list all spells.
You can't see any susceptible monsters within range! (Use Z to cast anyway.)
Casting: Iskenderun's Mystic Blast (quite dangerous; 16% risk of failure)
Confirm with . or Enter, or press ? or * to list all spells.
You miscast Iskenderun's Mystic Blast.
You are very lightly contaminated with residual magic.
Nothing appears to happen.
Something hits you.
* * * LOW HITPOINT WARNING * * *
Something shocks you.
You die...

#..#..........^...... ..
#.......................
###....##......#########
##......#......#
#............###
#..####.......# #..
#....#.).. ..#
###.#####.. . .. #..@# .
# ..[....{# # ........#
. #.......# . ..!.....#
#........ ....#..#.
#...... #


There were no monsters in sight!

Vanquished Creatures
  Eustachio (D:3)
  A scorpion (D:3)
  A bombardier beetle (D:4)
  Crazy Yiuf (D:3)
  2 orc priests (D:3)
  Terence (D:3)
  An adder (D:2)
  4 dart slugs
  3 ribbon worms (D:2)
  12 orcs
  3 bats (D:1)
  3 endoplasms
  2 giant cockroaches
  5 goblins
  7 hobgoblins
  2 jackals (D:2)
  6 quokkas
  6 ball pythons
  3 frilled lizards (D:2)
  5 kobolds
  6 rats
75 creatures vanquished.

Notes
Turn   | Place    | Note
-------+----------+-------------------------------------------
     0 | D:1      | Ijustatesigmund the Octopode Conjurer began the quest for
                  | the Orb.
     0 | D:1      | Reached XP level 1. HP: 11/11 MP: 3/3
   147 | D:1      | Reached XP level 2. HP: 13/18 MP: 0/5
   271 | D:1      | Learned a level 2 spell: Searing Ray
   432 | D:1      | Reached skill level 1 in Fighting
   616 | D:1      | Found a faded altar of an unknown god.
   677 | D:1      | Reached XP level 3. HP: 23/23 MP: 1/6
  1732 | D:2      | Reached XP level 4. HP: 29/29 MP: 2/8
  1737 | D:2      | Learned a level 4 spell: Iskenderun's Mystic Blast
  1982 | D:3      | Noticed Terence
  1999 | D:3      | Killed Terence
  2000 | D:3      | Reached skill level 1 in Translocations
  2178 | D:3      | Reached skill level 2 in Translocations
  2736 | D:3      | Found a runed translucent door.
  2737 | D:3      | Noticed Crazy Yiuf
  2775 | D:3      | Reached XP level 5. HP: 34/34 MP: 6/9
  2857 | D:3      | Reached skill level 3 in Translocations
  3459 | D:3      | Killed Crazy Yiuf
  3537 | D:4      | Noticed Eustachio
  3717 | D:3      | Reached skill level 4 in Translocations
  3717 | D:3      | Reached XP level 6. HP: 24/39 MP: 5/10
  3817 | D:3      | Killed Eustachio
  3818 | D:3      | Reached skill level 5 in Translocations
  4028 | D:4      | Reached XP level 7. HP: 33/44 MP: 3/11
  4348 | D:4      | Slain by a sky beast

Illustrated notes

Levels and vault maps discovered:
D:1:      shiori_arrival_oz, layout_basic,
          shapermc_ecumenical_altar_totnotflames, serial_bayou_lake_a
D:2:      layout_rooms, minmay_close_crescents
D:3:      layout_basic, uniq_terence, uniq_crazy_yiuf_cottage
D:4:      minmay_chambers_of_twos, layout_cave_pools, serial_shops,
          nicolae_take_the_stairs, grunt_tough_drop, uniq_eustachio

Skill      XL: |  1  2  3  4  5  6 |
---------------+-------------------+-----
Fighting       | 1 |  1.8
Translocations | 2 4 5 |  5.8
Dodging        | |  2.0
Stealth        | |  2.6
Spellcasting   | |  2.7
Conjurations   | |  4.5

Action                     |  1- 3 |  4- 6 |  7- 9 || total
---------------------------+-------+-------+-------++-------
  Melee: Unarmed           |     7 |       |       ||     7
         Tentacles         |     7 |     4 |     2 ||    13
         Constrict         |    11 |     9 |     1 ||    21
         Whip              |    30 |       |       ||    30
         Morningstar       |       |    24 |     9 ||    33
   Cast: Magic Dart        |    58 |    32 |    11 ||   101
         Searing Ray       |     3 |     8 |       ||    11
         Iskenderun's Myst |       |       |     1 ||     1
    Use: Scroll            |       |     6 |       ||     6
   Stab: Sleeping          |     5 |     3 |       ||     8
 Armour: Skin              |    19 |    13 |    12 ||    44
  Dodge: Dodged            |    30 |    34 |     7 ||    71
